AoeStats
← CazadorGT

Oasis

507361822Analyzed
3v3 RM · 15d ago on Sep 17, 2026· 84m 42s· 6 players
Game mode
Random Map
Map size
Normal (6 player)
Population
200
Speed
Normal
Resources
Standard
Victory
Conquest
Starting age
Dark Age
Ending age
Imperial Age
RankedLock teamsTeams togetherTeam positionsShared explorationLock speedFull tech treeHidden civsTurbo modeCheats
Victory
Defeat
🇬🇹 Cumans · Guatemala
1140
+10
🇮🇹 Maya · Italy
956
+17
🇦🇷 Franks · Argentina
778
+25
🇨🇱 Khmer · Chile
1062
-20
🇨🇱 Burgundians · Chile
958
-16
🇨🇱 Chinese · Chile
945
-16
COSTAMDP
12:57 Feudal Age
20:44 Castle Age
22:25 Forging
22:22 Scale Barding Armor
22:43 Husbandry
30:48 Loom
30:53 Double-Bit Axe
54:21 Bow Saw
55:54 Gold Mining
76:48 Imperial Age
75:42 Wheelbarrow
75:45 Stone Mining
76:35 Iron Casting
77:48 #83
77:17 Capped Ram
80:35 Blast Furnace
79:56 Chain Barding Armor
82:34 Chemistry
CazadorGT
6:20 Loom
8:32 Feudal Age
21:11 Castle Age
19:56 Forging
20:15 Scale Barding Armor
20:16 Double-Bit Axe
20:18 Horse Collar
21:02 Bloodlines
22:18 Chain Barding Armor
24:03 Iron Casting
23:44 Gold Mining
26:15 Stone Mining
28:16 Fletching
29:26 Wheelbarrow
29:30 Bodkin Arrow
29:24 Town Watch
29:49 Heavy Plow
30:01 Bow Saw
35:21 Imperial Age
33:38 Gold Shaft Mining
33:11 Padded Archer Armor
34:57 Pikeman
35:38 Scale Mail Armor
37:05 Plate Barding Armor
35:55 Cavalier
36:14 Halberdier
37:56 Blast Furnace
39:10 Leather Archer Armor
41:35 Squires
44:21 Ring Archer Armor
47:02 Chemistry
46:23 Ballistics
47:27 Conscription
47:02 Elite Kipchak
51:25 Crop Rotation
52:00 Two-Man Saw
51:08 Caravan
52:05 Chain Mail Armor
53:22 Plate Mail Armor
56:26 Hand Cart
56:15 Arson
60:56 Masonry
60:42 Murder Holes
62:54 Onager
63:17 Paladin
64:16 Town Patrol
64:34 Siege Onager
70:34 Capped Ram
71:25 Siege Ram
verbumdei76
0:34 Loom
11:06 Feudal Age
13:33 Double-Bit Axe
16:08 Forging
16:59 Scale Mail Armor
20:42 Town Watch
22:40 Wheelbarrow
23:24 Horse Collar
26:38 Castle Age
25:49 Gold Mining
26:23 Fletching
26:35 Padded Archer Armor
27:00 Pikeman
28:20 Hand Cart
27:58 Eagle Warrior
31:33 Iron Casting
32:48 Chain Mail Armor
34:02 Crossbowman
35:39 Arson
35:56 Squires
44:44 Town Patrol
45:54 Masonry
48:25 Heavy Plow
50:51 Leather Archer Armor
50:32 Bodkin Arrow
51:35 Thumb Ring
51:54 Ballistics
57:59 Imperial Age
58:10 Elite Eagle Warrior
59:50 Plate Mail Armor
59:46 Conscription
61:34 Blast Furnace
62:13 Holcans
62:50 Bracer
64:25 Ring Archer Armor
65:02 Chemistry
64:34 Architecture
64:20 Bow Saw
64:43 Crop Rotation
66:27 Halberdier
69:16 Onager
69:28 Capped Ram
70:51 Hoardings
69:41 Arbalester
SergioEFC
0:34 Loom
11:35 Feudal Age
12:02 Double-Bit Axe
12:13 Horse Collar
19:49 Castle Age
19:15 Wheelbarrow
21:51 Bow Saw
22:55 Hand Cart
27:11 Pikeman
28:24 Squires
51:16 Imperial Age
54:55 Imperial Age
56:13 Heavy Plow
56:21 Fletching
56:33 Padded Archer Armor
57:23 Bodkin Arrow
57:47 Thumb Ring
58:48 Bracer
59:03 Leather Archer Armor
60:33 Rocketry
62:40 Chemistry
62:07 Ballistics
65:40 Ring Archer Armor
71:29 Two-Man Saw
70:30 Elite Chu Ko Nu
77:22 Forging
77:19 Scale Barding Armor
80:50 Husbandry
Kylian dictador
11:10 Feudal Age
12:54 Loom
19:14 Castle Age
18:08 Double-Bit Axe
18:55 Fletching
19:17 Horse Collar
20:28 Bow Saw
21:22 Heavy Plow
22:53 Pikeman
26:29 Wheelbarrow
27:37 Husbandry
27:48 Bloodlines
29:10 Forging
29:07 Scale Barding Armor
30:31 Iron Casting
30:50 Bloodlines
32:58 Hand Cart
38:34 Imperial Age
38:21 Tusk Swords
41:18 Fletching
41:50 Chain Barding Armor
49:46 Bodkin Arrow
55:20 Imperial Age
57:57 Crop Rotation
63:52 Bracer
63:26 Heavy Scorpion
64:34 Conscription
64:03 Elite Battle Elephant
68:58 Caravan
71:19 Conscription
77:37 Double Crossbow
80:56 Ballistics
Lucas Cepeda
11:20 Feudal Age
17:30 Castle Age
16:19 Double-Bit Axe
17:30 Bow Saw
18:28 Horse Collar
21:32 Heavy Plow
24:13 Gold Mining
25:43 Forging
27:50 Scale Mail Armor
30:16 Iron Casting
29:57 Chain Mail Armor
34:59 Cavalier
37:43 Arson
39:18 Squires
38:47 Light Cavalry
41:31 Gold Shaft Mining
42:24 Scale Barding Armor
47:12 Imperial Age
46:13 Husbandry
47:13 Paladin
49:11 Chain Barding Armor
49:58 Blast Furnace
52:34 Plate Barding Armor
53:28 Hussar
Connection lost

Rejoining the realm…

Still unreachable

The connection could not be restored.

Session expired

The server has moved on; the page needs a fresh start.